 Dungeon Crawl Stone Soup version 0.28.0 (webtiles) character file.

Game seed: 14660385145203848968

202 AmazingTV the Sneak (level 5, -1/25 HPs)
             Began as a Spriggan Brigand on June 26, 2022.
             Was an Initiate of Elyvilon.
             Slain by a killer bee zombie (4 damage)
             ... on level 4 of the Dungeon.
             The game lasted 00:15:55 (6810 turns).

AmazingTV the Sneak (Spriggan Brigand)              Turns: 6810, Time: 00:15:56

Health: -1/25      AC:  3    Str:  7    XL:     5   Next: 50%
Magic:  6/6        EV: 16    Int: 12    God:    Elyvilon [......]
Gold:   323        SH:  0    Dex: 19    Spells: 4/4 levels left

rFire   . . .      SeeInvis +   a - +2 dagger
rCold   . . .      Faith    .   (no shield)
rNeg    . . .      Spirit   .   q - +0 robe
rPois   .          Reflect  .   (helmet restricted)
rElec   .          Harm     .   c - +0 cloak
rCorr   .          Rampage  .   (gloves unavailable)
Will    .....                   (boots unavailable)
Stlth   ++++......              (no amulet)
HPRegen 0.08/turn               i - ring of flight
MPRegen 0.10/turn               (no ring)

@: flying, very quick
A: very small, no large weapons, unfitting armour, see invisible, speed 3
a: Renounce Religion


You were on level 4 of the Dungeon.
You worshipped Elyvilon.
Elyvilon was noncommittal.
You visited 2 branches of the dungeon, and saw 5 of its levels.

You collected 323 gold pieces.

Inventory:

Hand Weapons
 a - a +2 dagger (weapon)
 b - a +1 dagger of speed
 s - a +2 whip of flaming
 t - a +0 hunting sling
 x - a +0 rapier
Missiles
 d - 7 poisoned darts (quivered)
 e - 2 curare-tipped darts
 k - 85 stones
 p - 20 arrows
Armour
 c - a +0 cloak (worn)
 q - a +0 robe (worn)
Jewellery
 i - a ring of flight (left hand)
Wands
 v - a wand of acid (12)
 w - a wand of digging (6)
Scrolls
 f - 3 scrolls of identify {unknown}
 h - a scroll of brand weapon {unknown}
 l - 2 scrolls of fog {unknown}
 n - a scroll of silence {unknown}
 o - a scroll of enchant weapon {unknown}
 r - a scroll of enchant armour {unknown}
Potions
 g - a potion of invisibility {unknown}
 j - a potion of curing {unknown}
 m - 3 potions of degeneration {unknown}
 u - a potion of haste {unknown}


   Skills:
 - Level 1.5 Fighting
 * Level 4.2 Short Blades
 + Level 2.2(3.2) Slings
 + Level 2.8(3.1) Throwing
 - Level 1.3 Dodging
 * Level 7.7 Stealth


You had 4 spell levels left.
You didn't know any spells.
Your spell library was empty.

Dungeon Overview and Level Annotations

Branches:
Dungeon (4/15)             Temple (1/1) D:4

Altars:
Ashenzari
Cheibriados
Dithmenos
Elyvilon
Gozag
Hepliaklqana
Makhleb
Sif Muna
Trog
Vehumet
Xom
Yredelemnul
The Shining One

Shops:
D:4 [


Innate Abilities, Weirdness & Mutations

You are very small and have problems with some larger weapons.
You are too small for most types of armour.
You have supernaturally acute eyesight. (SInv)
You cover ground extremely quickly. (Speed+++)


Message History

Found Cyry Kaex's Armour Shop.
You closely miss the killer bee zombie. The killer bee zombie hits you.
You barely miss the killer bee zombie.
The killer bee zombie barely misses you.
You hit the killer bee zombie but do no damage.
The killer bee zombie hits you.
The killer bee zombie barely misses you.
You hit the killer bee zombie.
The killer bee zombie is lightly damaged.
The killer bee zombie barely misses you.
You barely miss the killer bee zombie.
The killer bee zombie is lightly damaged.
The killer bee zombie hits you. The killer bee zombie misses you.
You hit the killer bee zombie.
The killer bee zombie is lightly damaged.
The killer bee zombie completely misses you.
You hit the killer bee zombie.
The killer bee zombie is lightly damaged.
The killer bee zombie closely misses you.
You miss the killer bee zombie.
The killer bee zombie is lightly damaged.
The killer bee zombie hits you.
The killer bee zombie closely misses you.
You hit the killer bee zombie.
The killer bee zombie is moderately damaged.
The killer bee zombie barely misses you.
You hit the killer bee zombie.
The killer bee zombie is heavily damaged.
The killer bee zombie closely misses you.
You barely miss the killer bee zombie.
The killer bee zombie is heavily damaged.
The killer bee zombie hits you!
* * * LOW HITPOINT WARNING * * *
The killer bee zombie barely misses you.
You hit the killer bee zombie.
The killer bee zombie is heavily damaged.
The killer bee zombie hits you.
* * * LOW HITPOINT WARNING * * *
The killer bee zombie hits you.
You die...

..# #. ..... .. #...##.
.###.. #.# ...... .# #.# #..#
.... #.# #..# #..## #.. ##..#
....## #.##..###### .....#
.#########..∩....... ..##.#
.................... .##
........@Z........... ..##
#..####.............. ...#.#
#..# ###........#### .....#
#.####.........### ...#..#
#..##............#
#<###..###..[........####....
..# #..##....#..../..# ###.
.## #..#.............#
.######..............#..#


You could see a killer bee zombie.

Vanquished Creatures
  An iguana (D:2)
  An orc wizard (D:3)
  A hound skeleton (D:4)
  5 gnolls
  3 worms
  3 dart slugs
  4 orcs (D:3)
  4 ball pythons
  7 endoplasms
  4 giant cockroaches
  11 goblins
  4 hobgoblins
  3 jackals (D:2)
  2 quokkas (D:2)
  4 bats
  4 frilled lizards (D:1)
  6 kobolds
  5 rats
72 creatures vanquished.

Vanquished Creatures (others)
  12 fungi (D:3)
  7 plants (D:3)
  3 toadstools (D:3)
22 creatures vanquished.

Grand Total: 94 creatures vanquished

Notes
Turn   | Place    | Note
-------+----------+-------------------------------------------
     0 | D:1      | AmazingTV the Spriggan Brigand began the quest for the Orb.
     0 | D:1      | Reached XP level 1. HP: 10/10 MP: 2/2
   229 | D:1      | Reached skill level 6 in Stealth
   571 | D:1      | Reached XP level 2. HP: 10/14 MP: 3/3
   951 | D:1      | Reached skill level 1 in Slings
  1247 | D:1      | Reached XP level 3. HP: 18/18 MP: 4/4
  1293 | D:1      | Found a faded altar of an unknown god.
  2481 | D:2      | Reached XP level 4. HP: 22/22 MP: 5/5
  2931 | D:2      | Reached skill level 7 in Stealth
  3086 | D:3      | Found a glowing golden altar of the Shining One.
  3944 | D:3      | Reached XP level 5. HP: 25/25 MP: 6/6
  3968 | D:3      | Found a hazy altar of Hepliaklqana.
  5436 | D:4      | Found a broken altar of Ashenzari.
  5703 | D:4      | Found a basalt altar of Yredelemnul.
  5837 | D:4      | Found a staircase to the Ecumenical Temple.
  5849 | D:4      | Noticed an orc warrior
  5861 | Temple   | Entered the Ecumenical Temple
  6130 | Temple   | Became a worshipper of Elyvilon the Healer
  6788 | D:4      | Found Cyry Kaex's Armour Shop.
  6810 | D:4      | Slain by a killer bee zombie

Illustrated notes

Levels and vault maps discovered:
D:1:      psy_arrival_conway, layout_basic, ebering_ecumenical_altar_hall
D:2:      layout_loops_ring
D:3:      layout_basic, mainiacjoe_overflow_alcove_2,
          nicolae_overflow_crystal_walls, minmay_gold_behind_fungi,
          guppyfry_early_lair_pool
D:4:      layout_layer_cave, lemuel_doored_altar,
          nemelex_xobeh_ov_fountains_minmay, cheibrodos_ashenzari_chains,
          minmay_temple_entry_arrows, serial_shops, shop
Temple:   compressed_dpeg_triangle_lava_temple

Skill      XL: |  1  2  3  4  5 |
---------------+----------------+-----
Stealth        | 6 7 |  7.7
Slings         | 1 2 |  2.2
Short Blades   | 3 4 |  4.2
Fighting       | |  1.5
Throwing       | |  2.8
Dodging        | |  1.3

Action                   |  1- 3 |  4- 6 || total
-------------------------+-------+-------++-------
Melee: Dagger            |   105 |   324 ||   429
       Punch             |       |     4 ||     4
Throw: Dart              |     7 |    14 ||    21
 Stab: Sleeping          |    16 |     4 ||    20
       Distracted        |       |     1 ||     1
Armor: Robe              |     9 |    14 ||    23
Dodge: Dodged            |    39 |   140 ||   179
